 Dungeon Crawl Stone Soup version 0.22.1-5-g62c59d919a (webtiles) character file.

37 Descartes the Insei (level 3, 0/17 HPs)
             Began as a Vine Stalker Transmuter on Jan 7, 2019.
             Slain by a kobold (1 damage)
             ... on level 2 of the Dungeon.
             The game lasted 00:03:42 (1592 turns).

Descartes the Insei (Vine Stalker Transmuter)       Turns: 1592, Time: 00:03:43

Health: 0/17       AC:  2    Str: 12    XL:     3   Next: 41%
Magic:  0/7        EV: 12    Int: 14    God:
Gold:   21         SH:  0    Dex: 14    Spells: 3/6 levels left

rFire    . . .     SeeInvis .     - Unarmed
rCold    . . .     Gourm    .   (no shield)
rNeg     . . .     Faith    .   b - +0 robe
rPois    .         Spirit   +   (no helmet)
rElec    .         Reflect  .   (no cloak)
rCorr    .         Harm     .   (no gloves)
MR       .....                  (no boots)
Stlth    ++........             (no amulet)
HPRegen  0.05/turn              (no ring)
MPRegen  0.10/turn              (no ring)

@: no status effects
A: fangs 2, magic shield, antimagic bite, no potion heal 3, rot immunity
a: no special abilities


You were on level 2 of the Dungeon.
You were not hungry.

You visited 1 branch of the dungeon, and saw 2 of its levels.

You collected 21 gold pieces.

Inventory:

Missiles
 a - 12 arrows
 f - 25 stones (quivered)
Armour
 b - a +0 robe (worn)
 g - a +0 ring mail
Potions
 e - 2 potions of heal wounds {unknown}
 h - a potion of might {unknown}
Comestibles
 c - a chunk of flesh
 d - 3 rations


   Skills:
 - Level 0.8 Fighting
 + Level 2.1 Dodging
 + Level 1.0 Stealth
 + Level 3.4 Unarmed Combat
 - Level 2.1 Spellcasting
 + Level 2.6 Transmutations


You had 3 spell levels left.
You knew the following spells:

 Your Spells              Type           Power        Failure   Level  Hunger
a - Beastly Appendage     Tmut           #.....       8%          1    #......
b - Sticks to Snakes      Tmut           #.......     12%         2    ###....

Your spell library contained the following spells:

 Spells                   Type           Power        Failure   Level  Hunger
 Spider Form              Tmut/Pois      #.........   38%         3    ###....
 Ice Form                 Ice/Tmut       #.......     80%         4    #####..
 Blade Hands              Tmut           #.........   91%         5    ######.


Dungeon Overview and Level Annotations

Branches:
Dungeon (2/15)

Altars:


Innate Abilities, Weirdness & Mutations

You have extremely sharp teeth.
When hurt, damage is shared between your health and your magic reserves.
Your bite disrupts and absorbs the magic of your enemies.
Potions cannot restore your health.
You are immune to rotting.


Message History

The kobold hits you but does no damage. The worm bites you!
You hit the kobold. You bite the kobold, but do no damage.
The kobold is heavily wounded.
The kobold hits you but does no damage.
You hit the kobold but do no damage. You bite the kobold, but do no damage.
The kobold is heavily wounded.
The kobold hits you.
* * * LOW HITPOINT WARNING * * *
You barely miss the kobold. You bite the kobold, but do no damage.
The kobold is heavily wounded.
The kobold hits you.
* * * LOW HITPOINT WARNING * * *
You closely miss the kobold. Your bite misses the kobold.
The kobold is heavily wounded.
The kobold hits you.
* * * LOW HITPOINT WARNING * * *
You hit the kobold but do no damage. You bite the kobold, but do no damage.
The kobold is heavily wounded.
The kobold hits you.
You die...

# .. ... ....
###### .....
#<...##...?..
#.####@Kg......
#......#w......
#.####.#.#####.
##+# #.#..
#.... #.#...
#.....###.##.##
#........รท# ..
########### ##


You could see a worm, a goblin and a kobold.

Vanquished Creatures
  2 dart slugs
  A giant cockroach (D:1)
  4 goblins (D:1)
  4 hobgoblins (D:1)
  4 jackals (D:1)
  6 bats
  2 frilled lizards (D:1)
  4 kobolds (D:1)
  5 rats (D:1)
32 creatures vanquished.

Notes
Turn   | Place    | Note
-------+----------+-------------------------------------------
     0 | D:1      | Descartes the Vine Stalker Transmuter began the quest for
                  | the Orb.
     0 | D:1      | Reached XP level 1. HP: 9/9 MP: 4/4
   246 | D:1      | Reached XP level 2. HP: 10/14 MP: 4/6
   897 | D:1      | Reached XP level 3. HP: 12/17 MP: 4/7
   924 | D:1      | Learned a level 2 spell: Sticks to Snakes
  1419 | D:2      | Reached skill level 1 in Stealth
  1592 | D:2      | Slain by a kobold

Skill      XL: |  1  2  3 |
---------------+----------+-----
Dodging        | 2 |  2.1
Stealth        | 1 |  1.0
Fighting       | |  0.8
Unarmed Combat | |  3.4
Spellcasting   | |  2.1
Transmutations | |  2.6

Action                   || total
-------------------------++-------
Melee: Unarmed           ||   120
       Bite              ||    26
       Punch             ||     2
 Stab: Sleeping          ||     1
  Eat: Chunk             ||     2
Armor: Robe              ||    37
Dodge: Dodged            ||    87
